 Dungeon Crawl Stone Soup version 0.25.0-10-g039870ee82 (webtiles) character file.

Game seed: 1586751192927907329

77 Anaz the Gusty (level 3, 28/28 HPs)
             Began as a Demigod Air Elementalist on June 22, 2020.
             Quit the game on level 2 of the Dungeon.
             The game lasted 00:08:44 (2147 turns).

Anaz the Gusty (Demigod Air Elementalist)           Turns: 2147, Time: 00:08:45

Health: 28/28      AC:  2    Str: 13    XL:     3   Next: 92%
Magic:  7/8        EV: 13    Int: 19    God:
Gold:   67         SH:  0    Dex: 16    Spells: 0/6 levels left

rFire    . . .     SeeInvis .   e - +0 short sword
rCold    . . .     Gourm    .   (no shield)
rNeg     . . .     Faith    .   a - +0 robe
rPois    .         Spirit   .   (no helmet)
rElec    .         Reflect  .   (no cloak)
rCorr    .         Harm     .   (no gloves)
MR       .....                  (no boots)
Stlth    ++........             (no amulet)
HPRegen  0.09/turn              (no ring)
MPRegen  0.11/turn              (no ring)

@: no status effects
A: high mp 1
a: no special abilities


You were on level 2 of the Dungeon.
You were not hungry.

You visited 1 branch of the dungeon, and saw 2 of its levels.

You collected 67 gold pieces.

Inventory:

Hand Weapons
 e - a +0 short sword (weapon)
Armour
 a - a +0 robe (worn)
 m - a +0 kite shield
Jewellery
 g - an uncursed ring of fire
Scrolls
 b - 2 scrolls of identify {unknown}
 f - a scroll of fog {unknown}
 h - 2 scrolls of teleportation {unknown}
 i - a scroll of fear {unknown}
 k - a scroll of enchant armour {unknown}
Potions
 d - a potion of cancellation {unknown}
 l - 2 potions of curing {unknown}
 n - a potion of brilliance {unknown}
Comestibles
 c - a ration
 j - 4 chunks of flesh


   Skills:
 * Level 1.5 Fighting
 + Level 0.8 Short Blades
 + Level 2.0 Dodging
 - Level 1.7 Stealth
 + Level 2.1 Spellcasting
 + Level 1.2 Conjurations
 + Level 3.3 Air Magic


You couldn't memorise any spells.
You knew the following spells:

 Your Spells              Type           Power        Failure   Level  Hunger
a - Shock                 Conj/Air       ##..         6%          1    #......
b - Swiftness             Chrm/Air       #.......     13%         2    ##.....
c - Static Discharge      Conj/Air       ##......     19%         3    ###....

Your spell library contained the following spells:

 Spells                   Type           Power        Failure   Level  Hunger
 Airstrike                Air            ##........   38%         4    #####..
 Lightning Bolt           Conj/Air       ##........   87%         5    ######.


Dungeon Overview and Level Annotations

Branches:
Dungeon (2/15)


Innate Abilities, Weirdness & Mutations

You have an increased reservoir of magic. (+10% MP)


Message History

The adder is moderately wounded.
The zap hits the adder.
The adder is severely wounded.
The adder closely misses you.
Casting: Shock (safe; 7% risk of failure)
Confirm with . or Enter, or press ? or * to list all spells.
Aiming: Shock (safe; 7% risk of failure)
Press: ? - help, Shift-Dir - straight line The zap hits the adder.
The adder is almost dead.
The zap hits the adder.
You kill the adder!
l - 2 ruby potions (gained 1) This spell is quite dangerous to cast!
Memorise Static Discharge, consuming 3 spell levels and leaving 0?
You start memorising the spell.
You continue memorising. x3
You finish memorising.
Spell assigned to 'c'.
Quiver which item? (- for none, * to show all) (? for menu, Esc to quit)
Okay, then.
Are you sure you want to abandon this character and quit the game? (Confirm with "yes".)

#..........##......
#..........# #.....
##........## ##....
#..........# ##...
#..........### ##..
#............# ##..
#..........#. .#...
#..........## .....
##@.........# ##...
##......#..####...
##..#### ....#...
#..# .#..... #..##
..... #..# ##...
#..# #... #... #...
#... #...


There were no monsters in sight!

Vanquished Creatures
  3 adders (D:2)
  An ooze (D:1)
  A worm (D:2)
  2 dart slugs
  4 leopard geckos
  8 bats
  A giant cockroach (D:2)
  2 goblins
  A hobgoblin (D:1)
  6 kobolds
  A ball python (D:2)
  8 rats
38 creatures vanquished.

Notes
Turn   | Place    | Note
-------+----------+-------------------------------------------
     0 | D:1      | Anaz the Demigod Air Elementalist began the quest for the
                  | Orb.
     0 | D:1      | Reached XP level 1. HP: 14/14 MP: 5/5
   389 | D:1      | Reached skill level 3 in Air Magic
   389 | D:1      | Reached XP level 2. HP: 15/22 MP: 0/7
   393 | D:1      | Learned a level 2 spell: Swiftness
   649 | D:1      | Reached skill level 1 in Conjurations
   666 | D:1      | Reached skill level 1 in Fighting
  1113 | D:2      | Reached XP level 3. HP: 22/28 MP: 5/8
  2147 | D:2      | Learned a level 3 spell: Static Discharge
  2147 | D:2      | Quit the game

Illustrated notes

Levels and vault maps discovered:
D:1:      erik_arrival_cave_to_civilisation [erik_arrival_cave_to_temple],
          layout_loops_ring
D:2:      layout_rooms

Skill      XL: |  1  2 |
---------------+-------+-----
Air Magic      | 3 |  3.3
Conjurations   | 1 |  1.2
Fighting       | 1 |  1.5
Spellcasting   | 2 |  2.1
Dodging        | 2 |  2.0
Short Blades   | |  0.8
Stealth        | |  1.7

Action                   || total
-------------------------++-------
Melee: Unarmed           ||    26
       Short sword       ||    54
 Cast: Shock             ||    42
 Stab: Sleeping          ||     3
  Eat: Chunk             ||     4
Armor: Robe              ||    19
Dodge: Dodged            ||    69
